 Dungeon Crawl Stone Soup version 0.29.1-15-g9cfb28693d (webtiles) character file.

Game seed: 5659681470042486419

1513 Artool the Trooper (level 8, 0/65 HPs)
             Began as a Demonspawn Fighter on Apr 11, 2023.
             Succumbed to a killer bee's poison
             ... on level 6 of the Dungeon.
             The game lasted 00:10:30 (8027 turns).

Artool the Trooper (Demonspawn Fighter)             Turns: 8027, Time: 00:10:30

Health: 0/65       AC: 11    Str: 19    XL:     8   Next: 53%
Magic:  17/17      EV:  7    Int: 10    God:
Gold:   275        SH:  4    Dex: 12    Spells: 7/7 levels left

rFire   . . .      SeeInvis +   y - +2 whip (drain)
rCold   . . .      Faith    .   c - +0 buckler
rNeg    . . .      Spirit   .   l - +0 chain mail
rPois   .          Reflect  .   (no helmet)
rElec   .          Harm     .   o - +0 cloak
rCorr   .          Rampage  .   (no gloves)
Will    .....                   (no boots)
Stlth   ..........              (no amulet)
HPRegen 0.20/turn               g - ring of magical power
MPRegen 0.15/turn               u - ring of see invisible

@: brilliant, lethally poisoned (0 -> -2)
A: demonic guardian 3, foul stench 2
a: no special abilities


You were on level 6 of the Dungeon.
You visited 1 branch of the dungeon, and saw 6 of its levels.

You collected 275 gold pieces.

Inventory:

Hand Weapons
 a - a +0 flail
 k - a +0 whip
 y - a +2 whip of draining (weapon)
Missiles
 p - a throwing net (quivered)
Armour
 b - a +0 scale mail
 c - a +0 buckler (worn)
 l - a +0 chain mail (worn)
 o - a +0 cloak (worn)
Jewellery
 g - a ring of magical power (left hand)
 u - a ring of see invisible (right hand)
 x - a ring of ice
Scrolls
 f - 4 scrolls of identify {unknown}
 h - a scroll of blinking {unknown}
 n - 2 scrolls of teleportation {unknown}
 r - a scroll of magic mapping {unknown}
 s - 2 scrolls of poison {unknown}
 t - a scroll of enchant weapon {unknown}
 w - a scroll of fog {unknown}
 z - a scroll of acquirement {unknown}
Potions
 d - 2 potions of might
 e - a potion of lignification {unknown}
 i - 2 potions of berserk rage {unknown}
 j - 2 potions of flight {unknown}
 m - a potion of ambrosia {unknown}
 q - a potion of attraction {unknown}
 v - a potion of brilliance


   Skills:
 + Level 6.8 Fighting
 + Level 5.8 Maces & Flails
 + Level 6.2 Armour
 - Level 3.0 Shields


You had 7 spell levels left.
You didn't know any spells.
Your spell library contained the following spells:

 Spells                   Type           Power      Damage    Failure   Level
 Slow                     Hex            0%         N/A       99%         1
 Ensorcelled Hibernation  Hex/Ice        0%         N/A       100%        2
 Passwall                 Tmut/Erth      0%         N/A       100%        2
 Confusing Touch          Hex            0%         N/A       100%        3
 Swiftness                Air            0%         N/A       100%        3
 Vampiric Draining        Necr           0%         2d6       100%        3


Dungeon Overview and Level Annotations

Branches:
Dungeon (6/15)
 Temple: D:4-7

Altars:
Sif Muna
Wu Jian

Shops:
D:2 (


Innate Abilities, Weirdness & Mutations

A powerful demonic guardian rushes to your aid.
You sometimes emit foul miasma when damaged in melee.


Message History

* * * LOW HITPOINT WARNING * * *
You feel very sick. You block the killer bee's attack.
The killer bee is engulfed in dark miasma.
The killer bee looks even sicker.
You kill the killer bee!
The killer bee stings you.
* * * LOW HITPOINT WARNING * * *
A demonic guardian appears!
You emit a cloud of foul miasma!
The killer bee attacks as you move away!
The killer bee barely misses you.
* * * LOW HITPOINT WARNING * * *
You feel sick.
The killer bee is engulfed in dark miasma.
The killer bee is poisoned.
The killer bee seems to slow down.
You block the killer bee's attack.
Okay, then.
* * * LOW HITPOINT WARNING * * *
You feel sick.
You closely miss the killer bee.
The killer bee is moderately wounded.
* * * LOW HITPOINT WARNING * * *
You feel sick.
The killer bee stings you but does no damage.
* * * LOW HITPOINT WARNING * * *
You feel sick.
Your sixfirhy barely misses the killer bee.
Your sixfirhy misses the killer bee. x2
You hit the killer bee. You drain the killer bee.
The killer bee is almost dead.
* * * LOW HITPOINT WARNING * * *
You feel sick.
Your sixfirhy hits the killer bee.
The killer bee dies!
* * * LOW HITPOINT WARNING * * *
You feel sick.
* * * LOW HITPOINT WARNING * * *
You feel sick.
It was a potion of brilliance.
You feel clever all of a sudden.
You die...

).......#.#.# #...........####
.......##.... +...........'...
.......)#.#.# ###...........###.
..#######.#.####.......####### #.
..............##.......# #.
.###.....##.#.##.......# #.
.........y†3.........>.# #.
.###.....##.#.##.####'## #. .#
#.....##.#.##@####.## #. .#
#.....##.#.##.#.....# #. .#
#.....##.#.##.#.#...# #.
.###.....##.#.##.#...#.# #.
...#.....##.#.##.#...#.# #.
.#....#####.#.##.#...#.#########.
.####.# #.#.##.....#.##........
.####.#####.#.##....<#.##.##..)#.
............#.##.#†.##.##.##.#)##


There were no monsters in sight!

Vanquished Creatures
  A bullfrog (D:4)
  2 necrophages (D:5)
  3 killer bees (D:6)
  4 hounds
  2 jellies (D:5)
  3 orc priests
  An iguana (D:4)
  An orc wizard (D:3)
  4 gnolls
  3 adders
  A white imp (D:6)
  2 worms (D:1)
  5 dart slugs
  15 orcs
  6 ball pythons
  8 bats
  3 endoplasms
  5 giant cockroaches
  4 goblins
  9 hobgoblins
  11 jackals
  6 quokkas
  3 frilled lizards
  6 kobolds
  5 rats
113 creatures vanquished.

Vanquished Creatures (collateral kills)
  Sigmund (D:6)
  Edmund (D:6)
  A water moccasin (D:6)
  A sky beast (D:6)
  A killer bee (D:6)
  A hound (D:5)
  An orc priest (D:6)
  An orc wizard (D:5)
  6 gnolls
  An adder (D:2)
  4 orcs
  A hobgoblin (D:2)
  A quokka (D:2)
21 creatures vanquished.

Vanquished Creatures (others)
  2 plants (D:6)
2 creatures vanquished.

Grand Total: 136 creatures vanquished

Notes
Turn   | Place    | Note
-------+----------+-------------------------------------------
     0 | D:1      | Artool the Demonspawn Fighter began the quest for the Orb.
     0 | D:1      | Reached XP level 1. HP: 18/18 MP: 1/1
   211 | D:1      | Gained mutation: A weak demonic guardian rushes to your
                  | aid. [demonic ancestry]
   211 | D:1      | Reached XP level 2. HP: 24/24 MP: 2/2
   768 | D:1      | Gained mutation: You may rarely emit foul miasma when
                  | damaged in melee. [demonic ancestry]
   768 | D:1      | Reached XP level 3. HP: 23/29 MP: 3/3
   873 | D:1      | Found a faded altar of an unknown god.
  1433 | D:2      | Gained mutation: You sometimes emit foul miasma when
                  | damaged in melee. [demonic ancestry]
  1433 | D:2      | Reached XP level 4. HP: 13/37 MP: 4/4
  2164 | D:2      | Reached XP level 5. HP: 26/42 MP: 5/5
  2628 | D:2      | Found Feps's Antique Weapon Emporium.
  4578 | D:4      | Gained mutation: A demonic guardian rushes to your aid.
                  | [demonic ancestry]
  4578 | D:4      | Reached XP level 6. HP: 49/49 MP: 6/6
  4879 | D:4      | Found an ornate altar of the Wu Jian Council.
  5126 | D:5      | Entered Level 5 of the Dungeon
  5396 | D:5      | Reached skill level 5 in Fighting
  5466 | D:5      | Reached XP level 7. HP: 54/56 MP: 7/7
  5866 | D:5      | Reached skill level 5 in Armour
  7055 | D:6      | Found a shimmering blue altar of Sif Muna.
  7079 | D:6      | Reached skill level 5 in Maces & Flails
  7079 | D:6      | Gained mutation: A powerful demonic guardian rushes to your
                  | aid. [demonic ancestry]
  7079 | D:6      | Reached XP level 8. HP: 23/64 MP: 8/8
  7668 | D:6      | Noticed Edmund
  7668 | D:6      | Noticed Sigmund
  7676 | D:6      | Killed Edmund
  7680 | D:6      | Killed Sigmund
  8023 | D:6      | HP: 3/65 [poisoned by a killer bee]
  8026 | D:6      | HP: 1/65 [poisoned by a killer bee]
  8027 | D:6      | Succumbed to a killer bee's poison

Illustrated notes

Levels and vault maps discovered:
D:1:      kilobyte_arrival_exit_the_forest, layout_basic,
          ebering_ecumenical_altar_ruins, nicolae_wormholes
D:2:      layout_basic, serial_shops, nicolae_square_shop, minmay_crystal_water,
          minmay_between
D:3:      layout_rooms
D:4:      layout_loops_corners, nicolae_wu_jian_wuxing_cycle
D:5:      layout_loops_ring, hangedman_decor_peaks_small
D:6:      layout_basic, nicolae_sif_muna_condensation,
          kennysheep_big_empty_room, sigmund_edmund_badplayer

Skill      XL: |  1  2  3  4  5  6  7  8 |
---------------+-------------------------+-----
Maces & Flails | 2 3 4 5 |  5.8
Armour         | 3 4 5 6 |  6.2
Shields        | 3 |  3.0
Fighting       | 4 5 6 |  6.8

Action                   |  1- 3 |  4- 6 |  7- 9 || total
-------------------------+-------+-------+-------++-------
Melee: Flail             |    87 |       |       ||    87
       Whip              |    49 |   302 |   151 ||   502
Throw: Throwing net      |       |       |     1 ||     1
  Use: Potion            |       |       |     1 ||     1
 Stab: Distracted        |       |       |     1 ||     1
Armor: Scale mail        |    76 |    49 |       ||   125
       Chain mail        |       |   102 |   104 ||   206
Dodge: Dodged            |    76 |   127 |    52 ||   255
Block: Buckler           |    36 |    69 |    32 ||   137
